 Dungeon Crawl Stone Soup version 0.30.1-3-gfc49f6343a (webtiles) character file.

Game seed: 5175907652288336863

170 boopmooplesden the Cutter (level 5, -1/33 HPs)
             Began as a Kobold Berserker on Aug 3, 2023.
             Was a Believer of Trog.
             Slain by an orc
             ... wielding a +0 hand axe
              (6 damage)
             ... on level 4 of the Dungeon.
             The game lasted 00:06:17 (2763 turns).

boopmooplesden the Cutter (Kobold Berserker)        Turns: 2763, Time: 00:06:19

Health: -1/33      AC:  4    Str: 17    XL:     5   Next: 80%
Magic:  5/5        EV: 15    Int:  8    God:    Trog [**....]
Gold:   168        SH:  0    Dex: 14    Spells: 4/4 levels left

rFire   + . .        a - +1 short sword
rCold   . . .        (no shield)
rNeg    . . .        b - +0 animal skin
rPois   .            (no helmet)
rElec   .            (no cloak)
rCorr   .            v - +0 pair of gloves
SInv    .            h - +0 pair of boots
Will    .....        (no amulet)
Stlth   +++          j - ring of protection from fire
HPRegen 0.25/turn    (no ring)
MPRegen 0.09/turn

%: no passive effects
@: on berserk cooldown, slowed, very slow
A: small, no large weapons, nightstalker 3
a: Renounce Religion, Berserk, Trog's Hand


You were on level 4 of the Dungeon.
You worshipped Trog.
Trog was pleased with you.
You visited 1 branch of the dungeon, and saw 5 of its levels.

You collected 168 gold pieces.

Inventory:

Hand Weapons
 a - a +1 short sword (weapon)
Armour
 b - a +0 animal skin (worn)
 d - a +0 leather armour
 e - a +0 ring mail
 h - a +0 pair of boots (worn)
 l - a +0 scale mail
 s - a +0 buckler
 v - a +0 pair of gloves (worn)
Jewellery
 j - a ring of protection from fire (left hand)
Wands
 p - a wand of mindburst (7)
Scrolls
 c - a scroll of silence {unknown}
 f - a scroll of enchant weapon
 o - a scroll of fog {unknown}
 t - a scroll of noise {unknown}
 u - a scroll of fear {unknown}
 w - a scroll of vulnerability {unknown}
Potions
 i - 3 potions of curing {unknown}
 k - a potion of cancellation {unknown}
 m - 2 potions of might {unknown}
 q - a potion of brilliance {unknown}
 r - a potion of berserk rage {unknown}


   Skills:
 + Level 4.2 Fighting
 + Level 5.6 Short Blades
 + Level 1.6 Armour
 + Level 3.3 Dodging
 + Level 3.7 Stealth


You had 4 spell levels left.
You didn't know any spells.
Your spell library was empty.

Dungeon Overview and Level Annotations

Branches:
Dungeon (5/15)
 Temple: D:4-7

Altars:

Annotations:
D:4 1 runed translucent door


Innate Abilities, Weirdness & Mutations

You are small and have problems with some larger weapons.
You are completely attuned to the shadows.


Message History

Trog appreciates your killing of a magic user.
The orc closely misses you.
The kobold brigand hits you but does no damage.
The orc hits you with a +0 club.
* * * LOW HITPOINT WARNING * * *
The kobold brigand hits you with a +0 dagger.
* * * LOW HITPOINT WARNING * * *
Okay, then.
You feel much better. The orc misses you. The orc closely misses you.
The kobold brigand barely misses you. The orc attacks as you move away!
The orc hits you with a +0 hand axe. The orc closely misses you.
Blink to where?
Press: ? - help, Dir - move target
As you read the scroll labelled PITOM UPPAIDE, it crumbles to dust.
It was a scroll of blinking.
There is a stone staircase leading down here.
The orc completely misses you.
You climb downwards.
The orc shouts!
The orc wizard shouts!
The orc priest shouts!
The orc shouts!
Found 8 gold pieces.
There is a stone staircase leading up here.
The orc throws a boomerang.
The boomerang barely misses you.
The orc priest calls down the wrath of Beogh upon you.
Beogh smites you!
* * * LOW HITPOINT WARNING * * *
You climb upwards.
Level annotation: 1 runed translucent door The orc completely misses you.
The orc misses you. The orc barely misses you.
The orc hits you but does no damage.
There is a stone staircase leading down here.
Really read the scroll of poison?
The air fills with toxic fumes!
As you read the scroll of poison, it crumbles to dust.
The orc hits you with a +0 club.
* * * LOW HITPOINT WARNING * * *
The kobold brigand throws a poisoned dart.
The poisoned dart closely misses you. The orc closely misses you.
The orc hits you with a +0 hand axe.
You die...

...#..........#
##.###......
..###..#..##..#
#...........
#####..##.#####
###.#.......
###.......# #~
###.......
.#...#.#..#
###F####§.......
#..#####.##
#.#S##§§§...... #..#
. §§#+#§§§§#.....
....#
§§§§§o§§§##.... ...
......
§§§§@§§§§###.###...
....#.
§§§o§§§§§....#.#.##
§§###§K§§..K......##
# #§§§§..)†..)...#
###§§.#.).###.##
#..§##### .# #...# #
#...# #####


You could see a kobold brigand, a bullfrog (asleep), an adder (asleep) and 2
orcs.

Vanquished Creatures
  An iguana (D:4)
  Ijyb (D:3)
  An orc wizard (D:4)
  Robin (D:3)
  An adder (D:2)
  A worm (D:3)
  4 dart slugs
  2 orcs
  6 bats
  4 endoplasms
  A giant cockroach (D:2)
  12 goblins
  4 hobgoblins
  4 jackals (D:1)
  3 ball pythons (D:1)
  2 frilled lizards
  4 kobolds
  4 rats
56 creatures vanquished.

Notes
Turn   | Place    | Note
-------+----------+-------------------------------------------
     0 | D:1      | boopmooplesden the Kobold Berserker began the quest for the
                  | Orb.
     0 | D:1      | Reached XP level 1. HP: 14/14 MP: 1/1
    17 | D:1      | Found a faded altar of an unknown god.
   104 | D:1      | Reached XP level 2. HP: 7/19 MP: 2/2
   488 | D:1      | Reached XP level 3. HP: 24/24 MP: 3/3
  1262 | D:2      | Reached skill level 1 in Stealth
  1583 | D:2      | Reached XP level 4. HP: 29/29 MP: 4/4
  1816 | D:3      | Noticed Ijyb
  1830 | D:3      | Killed Ijyb
  1831 | D:3      | Reached skill level 5 in Short Blades
  1935 | D:3      | Noticed Robin
  1954 | D:3      | Killed Robin
  1964 | D:3      | Reached XP level 5. HP: 18/33 MP: 5/5
  2088 | D:3      | Reached ** piety under Trog
  2711 | D:4      | Found a runed translucent door.
  2712 | D:4      | Noticed a bullfrog
  2723 | D:4      | Noticed a kobold brigand
  2760 | D:5      | Entered Level 5 of the Dungeon
  2763 | D:4      | Slain by an orc

Illustrated notes

Levels and vault maps discovered:
D:1:      minmay_arrival_arboretum_small, layout_basic,
          hellmonk_ecumenical_altar_run_dry
D:2:      cheibrodos_helix_gallery, layout_basic, minmay_tiny_reverse_x
D:3:      layout_rooms, uniq_ijyb, uniq_robin
D:4:      layout_cave_pools, mainiacjoe_overflow_surrounded_room,
          mainiacjoe_overflow_six_doors_small, ebering_ghost_sewer_d
D:5:      layout_basic, serial_aquarium, aquarium_bridge_straight
          [aquarium_subvault_bridge, aquarium_subvault_window,
          aquarium_subvault_bridge, aquarium_subvault_wall],
          aquarium_bridge_straight [aquarium_subvault_bridge,
          aquarium_subvault_window, aquarium_subvault_bridge,
          aquarium_subvault_wall], aquarium_window_fake, aquarium_window_fake,
          aquarium_window_corner, aquarium_window_1, aquarium_view_2c

Skill      XL: |  1  2  3  4  5 |
---------------+----------------+-----
Stealth        | 1 2 3 |  3.7
Fighting       | 4 |  4.2
Short Blades   | 5 |  5.6
Dodging        | 3 |  3.3
Armour         | |  1.6

Action                     |  1- 3 |  4- 6 || total
---------------------------+-------+-------++-------
  Melee: Short sword       |    94 |   113 ||   207
 Invoke: Berserk           |     1 |     4 ||     5
    Use: Scroll            |       |     5 ||     5
         Potion            |       |     3 ||     3
   Stab: Sleeping          |    13 |     6 ||    19
 Armour: Animal skin       |    11 |    23 ||    34
  Dodge: Dodged            |    57 |   120 ||   177
